[Event "Benidorm Open-B 2022"]
[Site "Benidorm"]
[Date "2022.12.10"]
[Round "9.15"]
[White "Kane, Robert"]
[Black "Place, Nicholas"]
[Result "0-1"]
[ECO "A01"]
[WhiteElo "1738"]
[BlackElo "1967"]
[Annotator "TA"]
[PlyCount "108"]
[EventDate "2022.12.03"]
[EventType "swiss"]
[EventCountry "ESP"]
[SourceTitle "playchess.com"]
[Source "ChessBase"]
[SourceQuality "1"]
[TimeControl "5400+30"]

1. b3 d5 2. Bb2 Nf6 3. f4 Bf5 4. e3 c5 5. Nf3 a6 6. Be2 {A03: Bird's Opening with 1...d5.} e6 7. O-O Nc6 8. Nh4 {The position is equal.} Bg6 {[#]} 9. f5 $146 ({Predecessor:} 9. Nxg6 hxg6 10. d3 Bd6 11. g3 d4 12. e4 Qc7 13. Nd2 g5 14. e5 Nxe5 15. fxe5 Bxe5 {1-0 (32) Engert,M (1775)-Reiche,N (1662) Sebnitz 2013}) 9... Bxf5 10. Nxf5 exf5 11. Rxf5 Be7 12. d3 (12. Bf3 $11) 12... O-O 13. Nd2 Qd7 14. Rg5 d4 (14... Rae8 {is more complex.} 15. Bg4 Qd6 16. Bf3 h6) 15. e4 {Against Nd5} b5 (15... Nxe4 $5 16. Nxe4 f5 17. Nxc5 Bxc5 $15) 16. Qe1 h6 17. Rf5 Nb4 18. Qh4 {This move loses the game for White.} (18. Qc1 $15) 18... Nxc2 19. Raf1 (19. Rc1 {was worth a try.} Ne3 20. Rf3) 19... Ne3 $19 20. Bc1 Nxf1 (20... Nxf5 $2 {loses.} 21. Rxf5 Qe6 22. Qg3) 21. Nxf1 Nh7 22. Qg3 Qd6 23. e5 Qg6 24. Qf2 Bg5 25. Bxg5 Nxg5 26. Kh1 $2 (26. Ng3) 26... f6 27. h4 fxe5 28. Rxf8+ Rxf8 29. Qg3 Rxf1+ 30. Bxf1 {[%mdl 4096] Endgame KQB-KQN} Qf6 31. Be2 Ne6 32. Bf3 Nf4 33. Qe1 (33. Kh2 $142) 33... Nxd3 34. Bd5+ (34. Qe2 $142 Nf4 35. Qe4) 34... Kh8 35. Qg3 Qf1+ 36. Kh2 Qf4 37. Bb7 a5 38. Ba6 Nb4 39. Bxb5 g5 40. hxg5 hxg5 41. Kh3 Qxg3+ 42. Kxg3 {KB-KN} Kg7 43. a3 Nc2 {[%cal Oe5e4] [#] And now ...e4! would win.} 44. a4 Kf6 {Threatens to win with ...e4.} 45. Kf3 Ne3 46. g3 Nc2 47. Ke4 Nb4 48. g4 Nc2 (48... Na2 $142 49. Be8 Nc3+ 50. Kd3 e4+ 51. Kd2 Ke5) 49. Be2 Ne3 50. Kd3 Ke6 {[#] White must now prevent ...Nd5.} 51. Ke4 Kd6 {Hoping for ...Nd5.} 52. Bf3 Nd5 53. Kd3 Nc3 54. Bg2 e4+ {Weighted Error Value: White=0.75/Black=0.41} 0-1